 Dungeon Crawl Stone Soup version 0.32-a0-732-ga344392067 (webtiles) character file.

Game seed: 17128105195945157756

43948 hikkokomori the Carver (level 14, -6/103 (113) HPs)
             Began as a Coglin Hunter on Mar 16, 2024.
             Was a High Priest of Okawaru.
             Mangled by a catoblepas (13 damage)
             ... while petrified by a catoblepas
             ... on level 5 of the Lair of Beasts.
             The game lasted 00:43:35 (13993 turns).

hikkokomori the Carver (Coglin Hunter)             Turns: 13993, Time: 00:43:36

HP:   -6/103 (113)  AC: 17    Str: 12    XL:     14   Next: 26%
MP:   18/18         EV:  2    Int:  8    God:    Okawaru [*****.]
Gold: 1323          SH:  0    Dex: 23    Spells: 15/19 levels left

rFire   + . .        j - +11 Screaming Sword {sonic wave}
rCold   + . .        L - +1 falchion (protect) {Manveen}
rNeg    + + +        J - +5 robe "Ciel" {+Inv}
rPois   ∞            R - +2 helmet
rElec   +            N - +2 cloak "Xaho" {-Tele Fly rPois rC+}
rCorr   .            l - +1 pair of gloves
SInv    .            A - +0 pair of boots
Will    +....        (amulet unavailable)
Stlth   +++++        (ring unavailable)
HPRegen 0.37/turn    (ring unavailable)
MPRegen 0.16/turn    Y - hydropneumatic subsystem {RevParry, rElec rF+}

%: no teleportation
@: petrified, heroic, flying, very slightly contaminated, drained, invisible
A: off-hand wielding, slow wielding, warmup strikes, no jewellery
a: Renounce Religion, Evoke Invisibility, Heroism, Finesse, Duel


You were on level 5 of the Lair of Beasts.
You worshipped Okawaru.
Okawaru was extremely pleased with you.
You visited 3 branches of the dungeon, and saw 17 of its levels.
You also visited: Ice Cave.

You collected 1362 gold pieces.
You spent 39 gold pieces at shops.

Inventory:

Hand Weapons
 c - a +3 dagger of freezing
 j - the +11 Screaming Sword (weapon) {sonic wave}
   (You found it on level 2 of the Dungeon)
 L - a +1 falchion of protection (offhand) {Manveen}
Missiles
 d - 5 darts of dispersal
 i - 2 javelins
 o - 2 silver javelins
 u - 3 atropa-tipped darts
 v - 27 poisoned darts (quivered)
 I - 13 boomerangs
 O - 2 throwing nets
Armour
 g - +0 swamp dragon scales
 l - a +1 pair of gloves (worn)
 A - a +0 pair of boots (worn)
 J - the +5 robe "Ciel" (worn) {+Inv}
   (You found it on level 7 of the Dungeon)

   +Inv:      It lets you turn invisible.
 N - the +2 cloak "Xaho" (worn) {-Tele Fly rPois rC+}
   (You found it on level 8 of the Dungeon)

   rC+:       It protects you from cold.
   rPois:     It protects you from poison.
   Fly:       It grants you flight.
   -Tele:     It prevents most forms of teleportation.
 R - a +2 helmet (worn)
Gizmo
 Y - a hydropneumatic subsystem (installed) {RevParry, rElec rF+}
   (You invented it yourself on level 4 of the Lair of Beasts)

   [hydropneumatic subsystem]

   RevParry:  Your AC increases as you Rev (up to +5) and while fully Revved,
   your attacks may disarm enemies.
   rF+:       It protects you from fire.
   rElec:     It insulates you from electricity.
Wands
 x - a wand of paralysis (6)
 y - a wand of roots (6)
 K - a wand of digging (13)
 T - a wand of mindburst (3)
 V - a wand of flame (8)
Scrolls
 a - 2 scrolls of revelation
 b - 2 scrolls of butterflies
 f - 3 scrolls of teleportation
 h - a scroll of brand weapon
 m - 2 scrolls of fog
 n - a scroll of fear
 p - 4 scrolls of immolation
 q - a scroll of enchant armour
 r - 2 scrolls of amnesia
 s - a scroll of blinking
 F - a scroll of acquirement {unknown}
 G - a scroll of poison {unknown}
 M - a scroll of enchant weapon
 X - a scroll of silence
Potions
 e - 3 potions of magic
 k - 2 potions of lignification
 t - a potion of berserk rage
 w - 6 potions of curing
 z - 3 potions of might
 B - 2 potions of enlightenment
 C - 3 potions of attraction
 D - a potion of haste
 E - 2 potions of brilliance
 H - a potion of resistance
 P - 3 potions of heal wounds
 Q - a potion of ambrosia {unknown}
 W - a potion of cancellation
 Z - a potion of mutation {unknown}


   Skills:
 - Level 11.1(16.1) Fighting
 + Level 7.1(15.3) Short Blades
 - Level 12.6(18.4) Long Blades
 - Level 3.9(8.9) Ranged Weapons
 + Level 7.6(12.6) Dodging
 + Level 5.5(10.5) Stealth
 + Level 3.2 Spellcasting
 + Level 4.2 Translocations
 - Level 5.0 Air Magic
 + Level 4.6 Invocations
 - Level 11.0 Evocations


You had 15 spell levels left.
You knew the following spells:

 Your Spells              Type           Power      Damage    Failure   Level
a - Vhi's Electric Charg  Tloc/Air       16%        N/A       43%         4

Your spell library contained the following spells:

 Spells                   Type           Power      Damage    Failure   Level
 Mercury Vapours          Alch/Air       10%        N/A       17%         2
 Sting                    Conj/Alch      4%         1d3       32%         1
 Volatile Blastmotes      Fire/Tloc      8%         2d10      38%         3
 Passwall                 Erth           1%         N/A       67%         3
 Anguish                  Hex/Necr       0%         N/A       97%         4
 Cause Fear               Hex            0%         N/A       97%         4
 Olgreb's Toxic Radiance  Alch           1%         N/A       97%         4
 Arcjolt                  Conj/Air       2%         1d12      97%         5
 Bombard                  Conj/Erth      0%         9d1       100%        6
 Plasma Beam              Fire/Air       2%         2x1d12    100%        6
 Enfeeble                 Hex            0%         N/A       100%        7
 Maxwell's Capacitive Co  Air            4%         ∞         100%        8


Dungeon Overview and Level Annotations

Branches:
Dungeon (11/15)            Temple (1/1) D:4            Lair (5/5) D:11
  Swamp (0/4) Lair:2       Spider (0/4) Lair:3        Slime (0/5) Lair:4
  IceCv (visited)
    Orc: D:9-12

Altars:
Ashenzari
Cheibriados
Dithmenos
Elyvilon
Fedhas
Gozag
Hepliaklqana
Kikubaaqudgha
Makhleb
Nemelex Xobeh
Okawaru
Qazlal
Ru
Sif Muna
Trog
Uskayaw
Vehumet
Wu Jian
Xom
Yredelemnul
Zin
The Shining One
Lugonu

Shops:
D:8 *

Portals:
Abyss: D:3

Annotations:
Lair:4 exclusion: 5 oklob plants


Innate Abilities, Weirdness & Mutations

You can wield a second weapon in your off-hand.
It takes a long time for you to wield or remove held weapons.
Your first few attacks do less damage.
You cannot equip rings or amulets.


Message History

The death yak is engulfed in calcifying dust.
Your limbs are stiffening.
You hit the catoblepas but do no damage.
Your weapon exudes an aura of protection.
The catoblepas is lightly wounded.
You slice the catoblepas with the +11 Singing Sword!!
The Singing Sword thunders.
You send a blast of sound all around you.
The bush is lightly damaged.
The catoblepas is severely wounded.
The death yak is lightly wounded.
The death yak is moderately wounded. x2
The death yak is lightly wounded.
You hear a bellow!
You hear a roar!
You hear a shout!
You hear an angry growl. x2
The catoblepas gores you but does no damage.
The death yak is engulfed in calcifying dust.
You have turned to stone.
The death yak is engulfed in calcifying dust.
The death yak gores you but does no damage.
The death yak gores you but does no damage.
The catoblepas gores you!
The death yak gores you but does no damage.
The death yak stops moving altogether!
The death yak gores you! The catoblepas gores you! The death yak gores you!
* * * LOW HITPOINT WARNING * * *
The death yak gores you!!
* * * LOW HITPOINT WARNING * * *
The catoblepas gores you but does no damage.
The death yak gores you!
* * * LOW HITPOINT WARNING * * *
The death yak gores you but does no damage.
The catoblepas breathes a plume of calcifying dust at you.
The blast of calcifying dust hits you.
The blast of calcifying dust hits the death yak.
The death yak is engulfed in calcifying dust.
The death yak is no longer petrified.
The death yak gores you!
* * * LOW HITPOINT WARNING * * *
The death yak barely misses you. The catoblepas gores you!!
You die...

#.##.††.........
###...####.P....
##...### ###....
##...## ##.÷.
##....# #..#
#....## ##.#
#.÷..# # #...##
#Y@Y# #YY##
##Y.# #...#
#...# #...#
#P..# ##..# ##..


You could see 4 death yaks and a catoblepas (unable to see you).

Vanquished Creatures
  Kirke (Lair:4)
  A white draconian (IceCv)
  A catoblepas (Lair:2)
  7 death yaks
  A two-headed ogre (D:11)
  Sonja (Lair:3)
  5 skeletal warriors (D:11)
  A swamp dragon (Lair:2)
  A manticore (D:11)
  3 black mambas
  20 elephants
  A torpor snail (Lair:3)
  2 ice statues (IceCv)
  5 cane toads
  An unseen horror (D:10)
  4 rime drakes (IceCv)
  7 komodo dragons
  3 kobold demonologists (D:11)
  A troll (D:11)
  2 hornets
  3 polar bears (Lair:3)
  11 blink frogs
  2 culicivoras (Lair:3)
  3 wraiths
  41 yaks
  A shadow (D:11)
  A hog (Lair:4)
  2 basilisks
  5 steam dragons
  3 wyverns
  4 humans (Lair:4)
  14 water moccasins
  An acid dragon (D:11)
  2 orc warriors
  2 sky beasts
  2 black bears
  3 ogres
  3 centaurs (D:9)
  18 wolves
  2 phantoms
  5 kobold brigands
  13 bullfrogs
  A gnoll sergeant (D:7)
  4 scorpions
  8 wights
  3 killer bees (D:10)
  A lindwurm simulacrum (IceCv)
  3 howler monkeys
  4 bombardier beetles
  3 hounds
  4 komodo dragon simulacra (IceCv)
  A jelly (D:6)
  A gnoll bouda (D:7)
  4 orc priests
  2 sleepcaps
  4 iguanas
  5 orc wizards
  A hell rat (D:11)
  Robin (D:4)
  15 gnolls
  4 acid dragon simulacra (IceCv)
  12 adders
  A shadow imp (D:5)
  13 white imps
  2 ufetubi (D:6)
  12 steam dragon simulacra (IceCv)
  3 dart slugs
  3 ribbon worms
  20 orcs
  5 bats
  4 endoplasms
  4 giant cockroaches
  14 hobgoblins
  21 kobolds
  2 quokkas
  4 ball pythons
  3 frilled lizards
  13 goblins
  3 rats
  A lurking horror (D:3)
418 creatures vanquished.

Vanquished Creatures (others)
  A shadow imp (D:6)
  An orc (D:6)
  A lurking horror (D:3)
3 creatures vanquished.

Grand Total: 421 creatures vanquished

Notes
Turn   | Place    | Note
-------+----------+-------------------------------------------
     0 | D:1      | hikkokomori the Coglin Hunter began the quest for the Orb.
     0 | D:1      | Reached XP level 1. HP: 16/16 MP: 1/1
   110 | D:1      | Reached skill level 1 in Stealth
   222 | D:1      | Reached XP level 2. HP: 22/22 MP: 2/2
   554 | D:2      | Reached XP level 3. HP: 28/28 MP: 3/3
   698 | D:2      | Found the +11 Singing Sword {sonic wave}
  1066 | D:3      | Found a faded altar of an unknown god.
  1172 | D:3      | Found a sparkling altar of Nemelex Xobeh.
  1182 | D:3      | Reached XP level 4. HP: 33/34 MP: 4/4
  1199 | D:3      | Reached skill level 1 in Long Blades
  1275 | D:3      | Found a one-way gate to the infinite horrors of the Abyss.
  1288 | D:3      | Found a corrupted altar of Lugonu.
  1582 | D:3      | Reached skill level 2 in Long Blades
  1582 | D:3      | Reached XP level 5. HP: 41/41 MP: 5/5
  1996 | D:4      | Noticed Robin
  2109 | D:4      | Killed Robin
  2168 | D:4      | Reached skill level 3 in Long Blades
  2168 | D:4      | Reached XP level 6. HP: 43/48 MP: 6/6
  2258 | D:4      | Found a staircase to the Ecumenical Temple.
  2271 | Temple   | Entered the Ecumenical Temple
  2277 | Temple   | Became a worshipper of Warmaster Okawaru
  2319 | D:4      | Reached skill level 1 in Invocations
  2354 | D:4      | Identified the ring "Banoluf" {rF- rN+ Str+5 Stlth+}
  2413 | D:4      | Reached skill level 4 in Long Blades
  2586 | D:4      | Found a hide-covered altar of Uskayaw.
  2689 | D:4      | Found a broken altar of Ashenzari.
  2844 | D:4      | Reached XP level 7. HP: 54/54 MP: 8/8
  3112 | D:5      | Entered Level 5 of the Dungeon
  3185 | D:5      | Reached * piety under Okawaru
  3338 | D:5      | Reached skill level 1 in Short Blades
  3393 | D:5      | Found an ancient bone altar of Kikubaaqudgha.
  3444 | D:5      | Found a bloodstained altar of Trog.
  3525 | D:5      | Found an opulent altar of Gozag.
  3529 | D:5      | Reached skill level 5 in Long Blades
  3601 | D:5      | Reached XP level 8. HP: 60/60 MP: 9/9
  3914 | D:6      | Reached ** piety under Okawaru
  3915 | D:6      | Reached skill level 6 in Long Blades
  4342 | D:6      | Reached skill level 7 in Long Blades
  4366 | D:6      | Reached XP level 9. HP: 40/65 MP: 7/10
  4512 | D:6      | Reached skill level 5 in Short Blades
  5086 | D:7      | Reached skill level 5 in Fighting
  5102 | D:7      | Learned a level 4 spell: Vhi's Electric Charge
  5248 | D:7      | Identified the +5 robe "Ciel" {+Inv}
  5369 | D:7      | Reached skill level 1 in Evocations
  5478 | D:7      | Reached skill level 8 in Long Blades
  5523 | D:7      | Reached *** piety under Okawaru
  6289 | D:8      | Reached XP level 10. HP: 70/76 MP: 11/11
  6388 | D:8      | Found Real's General Store.
  6396 | D:8      | Bought a scroll of teleportation for 39 gold pieces
  6418 | D:8      | Identified the +2 cloak "Xaho" {-Tele Fly rPois rC+}
  6826 | D:9      | Reached skill level 5 in Evocations
  6840 | D:9      | Reached skill level 9 in Long Blades
  6848 | D:9      | Reached **** piety under Okawaru
  7176 | D:9      | Reached skill level 5 in Dodging
  7522 | D:10     | Entered Level 10 of the Dungeon
  7632 | D:10     | Found a stormy altar of Qazlal.
  7769 | D:10     | Killed an unseen horror
  8007 | D:10     | Reached ***** piety under Okawaru
  8011 | D:10     | Reached XP level 11. HP: 84/84 MP: 12/12
  8014 | D:10     | Reached skill level 1 in Air Magic
  8335 | D:11     | Noticed a death yak
  8346 | D:11     | Killed a death yak
  8349 | D:11     | Received a gift from Okawaru
  8352 | D:11     | Reached skill level 10 in Long Blades
  8367 | D:11     | Found a staircase to the Lair.
  8557 | D:11     | Noticed a skeletal warrior
  8557 | D:11     | Noticed a skeletal warrior
  8557 | D:11     | Noticed a skeletal warrior
  8562 | D:11     | Noticed a skeletal warrior
  8565 | D:11     | Killed a skeletal warrior
  8565 | D:11     | Noticed a skeletal warrior
  8568 | D:11     | Noticed a two-headed ogre
  8570 | D:11     | Killed a skeletal warrior
  8570 | D:11     | Received a gift from Okawaru
  8570 | D:11     | Killed a skeletal warrior
  8573 | D:11     | Killed a skeletal warrior
  8576 | D:11     | Killed a skeletal warrior
  8578 | D:11     | Killed a two-headed ogre
  8610 | D:11     | Noticed a manticore
  8620 | D:11     | Killed a manticore
  8620 | D:11     | Received a gift from Okawaru
  8621 | D:11     | Reached XP level 12. HP: 75/94 MP: 13/13
  8622 | D:11     | Noticed a soul eater
  8935 | D:11     | Reached skill level 11 in Long Blades
  8935 | D:11     | Reached skill level 10 in Evocations
  9351 | Lair:1   | Entered Level 1 of the Lair of Beasts
  9359 | Lair:1   | Reached skill level 1 in Translocations
  9366 | Lair:1   | Reached skill level 1 in Spellcasting
  9511 | Lair:1   | Reached skill level 5 in Air Magic
 10324 | Lair:2   | Received a gift from Okawaru
 10329 | Lair:2   | Noticed a catoblepas
 10337 | Lair:2   | Killed a catoblepas
 10362 | Lair:2   | Found a frozen archway.
 10456 | IceCv    | Entered an ice cave
 10811 | IceCv    | Reached skill level 10 in Fighting
 10970 | IceCv    | Reached XP level 13. HP: 103/103 MP: 17/17
 11007 | IceCv    | Noticed a white draconian
 11016 | IceCv    | Killed a white draconian
 11016 | IceCv    | Received a gift from Okawaru
 11021 | IceCv    | Reached skill level 12 in Long Blades
 11541 | Lair:2   | Found a staircase to the Swamp.
 11891 | Lair:3   | Noticed Sonja
 11895 | Lair:3   | Killed Sonja
 12016 | Lair:3   | Received a gift from Okawaru
 12070 | Lair:3   | Found a hole to the Spider Nest.
 12763 | Lair:4   | Noticed Kirke
 12770 | Lair:4   | Found a staircase to the Slime Pits.
 12782 | Lair:4   | Killed Kirke
 13261 | Lair:5   | Entered Level 5 of the Lair of Beasts
 13271 | Lair:5   | Received a gift from Okawaru
 13296 | Lair:5   | Reached XP level 14. HP: 70/113 MP: 15/18
 13308 | Lair:5   | Reached skill level 5 in Stealth
 13313 | Lair:4   | Acquired a hydropneumatic subsystem {RevParry, rElec rF+}
 13488 | Lair:5   | Received a gift from Okawaru
 13993 | Lair:5   | Mangled by a catoblepas

Illustrated notes

Levels and vault maps discovered:
D:1:      minmay_arrival_shattered_statue, layout_loops_cross
D:2:      layout_rooms
D:3:      layout_loops_ring, overflow_temple_1_default, serial_rivers,
          chequers_serial_rivers_room_a, chequers_serial_rivers_micro_c,
          chequers_serial_rivers_small_3, chequers_serial_rivers_large_a,
          chequers_serial_rivers_small_3, chequers_serial_rivers_micro_d,
          ebering_ecumenical_altar_abandoned, amcnicky_altar_lugonu_corruption
D:4:      minmay_opposing_rooms, layout_layer_cave, overflow_temple_1_default,
          lemuel_tele_altar, temple_green, kennysheep_boxes, uniq_robin
D:5:      layout_gridville, mainiacjoe_overflow_catch_the_wave,
          grunt_gozag_statues
D:6:      layout_loops_ring, ebering_dispersal_statue_hall, wad_rectangle_vault
D:7:      layout_basic
D:8:      layout_gridville, serial_shops, nicolae_stop_n_shop_1
D:9:      layout_basic
D:10:     layout_loops_ring, marbit_many_paths
D:11:     layout_gridville, dpeg_lair_monsters, minmay_misc_feat_roman
Temple:   hellmonk_temple_two_chambers
Lair:1:   layout_regular_city, lemuel_fruit_tree
Lair:2:   layout_roguey, mainiacjoe_swamp_entry_lozenge_pond,
          portal_ice_cave_entry_imps, minmay_stone_trees_small
Lair:3:   layout_chaotic_city, hellmonk_spider_entry_life_and_decay, uniq_sonja
Lair:4:   layout_misc_corridors, minmay_slime_entry_oklob_open, minivault_24,
          uniq_kirke
Lair:5:   grunt_lair_end_beastmaster, layout_long_grid, serial_bayou_shore_b

Skill      XL: |  1  2  3  4  5  6  7  8  9 10 11 12 13 14 |
---------------+-------------------------------------------+-----
Stealth        | 1 2 3 4 5 |  5.5
Dodging        | 2 4 5 6 7 |  7.6
Fighting       | 3 4 6 7 8 10 11 | 11.1
Long Blades    | 2 3 4 5 7 8 9 10 11 12 | 12.6
Invocations    | 1 2 4 |  4.6
Short Blades   | 2 4 5 6 7 |  7.1
Evocations     | 4 7 9 11 | 11.0
Air Magic      | 4 5 |  5.0
Translocations | 4 |  4.2
Spellcasting   | 3 |  3.2
Ranged Weapons | |  3.9

Action                     |  1- 3 |  4- 6 |  7- 9 | 10-12 | 13-15 || total
---------------------------+-------+-------+-------+-------+-------++-------
  Melee: Double sword      |    11 |    58 |   110 |   259 |   186 ||   624
         Dagger            |    10 |    38 |     9 |       |       ||    57
         Rapier            |       |    10 |    57 |       |       ||    67
         Falchion          |       |       |    21 |   212 |   156 ||   389
   Fire: Sling             |    96 |       |       |       |       ||    96
  Throw: Dart              |       |       |     2 |     2 |       ||     4
         Boomerang         |       |       |     1 |     2 |       ||     3
 Invoke: Heroism           |       |       |     3 |     7 |     4 ||    14
Ability: Invent Gizmo      |       |       |       |       |     1 ||     1
         Evoke Invisibilit |       |       |       |       |     1 ||     1
  Evoke: Wand              |       |       |       |     3 |     4 ||     7
    Use: Scroll            |       |     3 |     3 |    17 |     3 ||    26
         Potion            |       |       |       |     2 |     2 ||     4
   Stab: Sleeping          |     2 |     4 |     8 |     6 |     1 ||    21
         Invisible         |       |       |       |     9 |       ||     9
         Distracted        |       |       |       |     1 |       ||     1
 Armour: Leather armour    |     8 |    40 |    43 |       |       ||    91
         Robe              |       |       |    20 |   158 |   138 ||   316
  Dodge: Dodged            |    14 |    47 |    70 |   158 |   112 ||   401

Table legend: (Time is in decaauts)
 A = Elapsed time spent in this place.
 B = Non-inter-level travel time spent in this place.
 C = Inter-level travel time spent in this place.
 D = Time resting spent in this place.
 E = Time spent auto-exploring this place.
 F = Levels seen in this place.
 G = Mean time per level.
                   A        B        C        D        E       F      G
               +--------+--------+--------+--------+--------+-----+--------+
         Total |  13951 |  13496 |    455 |    913 |   9995 |  18 |  775.1 |
       Dungeon |   9498 |   9105 |    393 |    594 |   6957 |  11 |  863.5 |
        Temple |     16 |     16 |      0 |      0 |      0 |   1 |   16.0 |
          Lair |   3760 |   3699 |     61 |     70 |   2866 |   5 |  752.0 |
      Ice Cave |    676 |    676 |      0 |    249 |    172 |   1 |  676.0 |
               +--------+--------+--------+--------+--------+-----+--------+

Top non-repeatable levels by time:
     D:7: 1150 daAuts
    D:11: 1135 daAuts
     D:6: 1089 daAuts
     D:3: 1067 daAuts
     D:4: 1022 daAuts
  Lair:4: 886 daAuts
  Lair:2: 822 daAuts
    D:10: 806 daAuts
     D:5: 769 daAuts
  Lair:3: 762 daAuts
     D:9: 729 daAuts
  Lair:1: 677 daAuts
   IceCv: 676 daAuts
     D:8: 668 daAuts
  Lair:5: 610 daAuts
